 Dungeon Crawl Stone Soup version 0.31-a0-190-g4feb4907b2 (webtiles) character file.

Game seed: 7941832063185138040

117 qw the Skirmisher (level 4, -3/25 HPs)
             Began as a Deep Elf Hunter on June 23, 2023.
             Was an Initiate of Okawaru.
             Slain by an orc
             ... wielding a +0 trident
              (7 damage)
             ... on level 4 of the Dungeon.
             The game lasted 00:00:52 (2617 turns).

qw the Skirmisher (Deep Elf Hunter)                 Turns: 2617, Time: 00:00:54

Health: -3/25      AC:  6    Str:  7 (10) XL:     4   Next: 71%
Magic:  6/6        EV: 10    Int: 19 (20) God:    Okawaru [......]
Gold:   155        SH:  0    Dex: 22 (24) Spells: 3/3 levels left

rFire   + . .        Y - +0 shortbow
rCold   x . .        (shield currently unavailable)
rNeg    . . .        b - +0 ring mail
rPois   .            i - +0 helmet
rElec   .            (no cloak)
rCorr   +            (no gloves)
SInv    .            (no boots)
Will    .....        (no amulet) Stlth
                     c - ring "Jepepsog" {rF+ rC- rCorr Int+6}
HPRegen 0.24/turn    h - +6 ring of dexterity
MPRegen 0.10/turn

%: no passive effects
@: confused
A: no striking features
a: Renounce Religion


You were on level 4 of the Dungeon.
You worshipped Okawaru.
Okawaru was noncommittal.
You visited 1 branch of the dungeon, and saw 4 of its levels.

You collected 155 gold pieces.


   Skills:
 - Level 1.5 Fighting
 + Level 8.1 Ranged Weapons
 - Level 2.4 Dodging
 - Level 1.2 Stealth


You had 3 spell levels left.
You didn't know any spells.
Your spell library was empty.

Inventory:

Hand Weapons
 Y - a +0 shortbow (weapon)
Armour
 b - a +0 ring mail (worn)
 i - a +0 helmet (worn)
Jewellery
 c - the ring "Jepepsog" (left hand) {rF+ rC- rCorr Int+6}
   (You found it on level 3 of the Dungeon)

   [ring of protection from fire]

   Int:       It affects your intelligence (+6).
   rF:        It protects you from fire.
   rC:        It makes you vulnerable to cold.
   rCorr:     It protects you from acid and corrosion.
 h - a +6 ring of dexterity (right hand)
Scrolls
 f - a scroll of identify
 k - a scroll of fog {unknown}
Potions
 a - a potion of berserk rage {unknown}
 d - a potion of heal wounds {unknown}
 e - a potion of attraction {unknown}
 g - a potion of invisibility {unknown}
 j - a potion of haste
 m - a potion of ambrosia {unknown}

Dungeon Overview and Level Annotations

Branches:
Dungeon (4/15)
 Temple: D:4-7

Altars:
Gozag
Okawaru

Shops:
D:3 *


Message History

The orc wizard gestures at you while chanting.
You are confused.
2606 ||| DRINKING potion of curing.
You feel better.
2606 ||| (to cure confusion)
The orc barely misses you.
The orc wizard gestures wildly while chanting.
The orc wizard flickers and vanishes!
Deactivating autopickup; reactivate with Ctrl-A.
You shoot an arrow. The arrow barely misses the orc.
The orc hits you but does no damage. Something hits you.
You shoot an arrow. The arrow closely misses the orc.
The orc completely misses you. Something hits you but does no damage.
You shoot an arrow. The arrow hits the orc.
The orc is severely wounded.
The orc hits you but does no damage.
You hear some strange, mumbled words.
Something tries to affect you, but you resist.
You shoot an arrow.
The arrow hits the orc but does no damage.
The orc is severely wounded.
The orc misses you. Something hits you. The orc barely misses you.
Something hits you but does no damage.
You shoot an arrow. The arrow hits the orc!
You kill the orc!
Okawaru accepts your kill. Something hits you.
You shoot an arrow. The arrow barely misses the orc.
The orc hits you with a +0 club.
You hear some strange, mumbled words.
You are confused.
The orc hits you from afar with a +0 trident.
The orc hits you with a +0 club. Something hits you.
The orc closely misses you.
The orc hits you from afar with a +0 trident.
Something hits you but does no damage. The orc misses you.
The orc hits you but does no damage. Something hits you but does no damage.
The orc hits you but does no damage. x2; Something hits you.
The orc hits you from afar with a +0 trident!
You die...

#####.# ##...###.
#.....# ##.## ## #.#####
#.# #.# #.# #.# ##+##
#.# ##...## #.#######
##.....##
#.......###.......##
###@..#.##.........#
....)oo{.....+.........'
#######...#.##<%.......#
##.## ###.......## ##
##.....### ##...## #
##+## #


You could see 2 orcs.

Vanquished Creatures
  5 adders
  A worm (D:3)
  A dart slug (D:1)
  2 orcs (D:4)
  9 ball pythons
  5 bats
  3 endoplasms
  2 giant cockroaches
  5 goblins
  7 hobgoblins
  3 jackals (D:1)
  6 kobolds
  3 quokkas
  5 frilled lizards
  6 rats
63 creatures vanquished.

Notes
Turn   | Place    | Note
-------+----------+-------------------------------------------
     0 | D:1      | qw the Deep Elf Hunter began the quest for the Orb.
     0 | D:1      | Reached XP level 1. HP: 12/12 MP: 3/3
     0 | D:1      | 0 ||| qw: Version: 0.3-a-9-g12657ce
     0 | D:1      | 0 ||| qw: Game counter: 4468
     0 | D:1      | 0 ||| qw: Always use a shield: true
     0 | D:1      | 0 ||| qw: God list: Okawaru
     0 | D:1      | 0 ||| qw: Allow faded altars: false
     0 | D:1      | 0 ||| qw: Do Orc after D:15 true
     0 | D:1      | 0 ||| qw: Do second Lair branch before Depths: true
     0 | D:1      | 0 ||| qw: Lair rune preference: random
     0 | D:1      | 0 ||| qw: Plans: Normal
     0 | D:1      | 0 ||| PLANNING D:1-11
   294 | D:1      | Reached skill level 6 in Ranged Weapons
   294 | D:1      | Reached XP level 2. HP: 16/16 MP: 4/4
   856 | D:1      | 856 ||| UPGRADING to +0 helmet.
   861 | D:1      | 861 ||| READING scroll labelled SUYCHU JUNISCHO.
   862 | D:1      | 862 ||| READING scroll labelled ERPHERE WUAMEWI.
   863 | D:1      | 863 ||| READING scroll labelled MUVUEJ KERHUHU.
   868 | D:1      | 868 ||| READING scroll labelled OXZISE TEIFIU.
   897 | D:1      | 897 ||| DROPPING scroll of butterflies.
   997 | D:2      | Reached XP level 3. HP: 20/20 MP: 5/5
  1128 | D:2      | Found an iron altar of Okawaru.
  1129 | D:2      | 1129 ||| PLANNING OKAWARU WORSHIP
  1137 | D:2      | 1137 ||| UPGRADING to +0 ring mail.
  1141 | D:2      | 1141 ||| UPGRADING to +0 ring mail.
  1151 | D:2      | 1151 ||| DROPPING +0 leather armour.
  1152 | D:2      | Became a worshipper of Warmaster Okawaru
  1153 | D:2      | 1153 ||| PLANNING D:1-11
  1223 | D:2      | Reached skill level 7 in Ranged Weapons
  1225 | D:2      | HP: 4/20 [hobgoblin (2)]
  1282 | D:2      | 1282 ||| FLEEEEING.
  1472 | D:2      | Identified the +5 spear "Boliuk" {pain, rN+ Dex+4}
  1645 | D:2      | Reached XP level 4. HP: 16/25 MP: 6/6
  1792 | D:3      | Identified the ring "Jepepsog" {rF+ rC- rCorr Int+6}
  2267 | D:3      | Reached skill level 8 in Ranged Weapons
  2441 | D:3      | Found an opulent altar of Gozag.
  2445 | D:3      | Found Gozag's Platinum Reserve.
  2453 | D:3      | 2453 ||| SHOPLISTING +2 leather armour of Pathos {rPois
                  | Int+2} (2740 gold, have 142).
  2453 | D:3      | 2453 ||| SHOPLISTING ring "Uweseamp" {Fly rF- Int+2 Dex+3}
                  | (2800 gold, have 142).
  2453 | D:3      | 2453 ||| SHOPLISTING ring of Culosyr {Fly rElec Will- Int-2
                  | Slay+6} (4830 gold, have 142).
  2474 | D:3      | 2474 ||| DROPPING amulet of magic regeneration.
  2475 | D:3      | 2475 ||| UPGRADING to ring "Jepepsog" {rF+ rC- rCorr
                  | Int+6}.
  2476 | D:3      | 2476 ||| UPGRADING to +6 ring of dexterity.
  2477 | D:3      | 2477 ||| DRINKING 2 yellow potions.
  2478 | D:3      | 2478 ||| DRINKING 2 pink potions.
  2479 | D:3      | 2479 ||| DRINKING 2 grey potions.
  2480 | D:3      | 2480 ||| DROPPING potion of degeneration.
  2601 | D:4      | 2601 ||| Stepping ~*~*~tactically~*~*~ (outnumbered).
  2603 | D:4      | 2603 ||| Stepping ~*~*~tactically~*~*~ (outnumbered).
  2606 | D:4      | 2606 ||| DRINKING potion of curing.
  2606 | D:4      | 2606 ||| (to cure confusion)
  2614 | D:4      | HP: 5/25 [orc/+0 trident (2)]
  2617 | D:4      | Slain by an orc

Levels and vault maps discovered:
D:1:      minmay_arrival_cross, layout_loops_corners, minmay_split_cup_small
D:2:      layout_basic, basic_altar, kennysheep_generic_room_10
D:3:      layout_loops_ring, nicolae_gozag_zags_fifth_avenue
D:4:      layout_loops_corners, grunt_temple_overflow_open, minivault_25,
          dreamdust_wishing_well, uniq_pikel

Skill      XL: |  1  2  3  4 |
---------------+-------------+-----
Ranged Weapons | 6 7 8 |  8.1
Fighting       | |  1.5
Dodging        | |  2.4
Stealth        | |  1.2

Action                     |  1- 3 |  4- 6 || total
---------------------------+-------+-------++-------
   Fire: Shortbow          |   107 |    74 ||   181
    Use: Scroll            |     4 |       ||     4
         Potion            |       |     4 ||     4
 Armour: Leather armour    |    10 |       ||    10
         Ring mail         |     8 |    15 ||    23
  Dodge: Dodged            |    35 |    12 ||    47

Table legend:
 A = Non-vault XP
 B = Vault XP
 C = Vault XP percentage of total XP
 D = Non-vault monster count
 E = Vault monster count
 F = Vault count percentage of total count
                 A         B        C        D         E       F
            +---------+---------+-------+---------+---------+-------
      Total |     163 |       5 |   3.0 |      60 |       3 |   4.8
            +---------+---------+-------+---------+---------+-------
        D:1 |      30 |       5 |  14.3 |      16 |       3 |  15.8
        D:2 |      65 |       0 |   0.0 |      19 |       0 |   0.0
        D:3 |      55 |       0 |   0.0 |      19 |       0 |   0.0
        D:4 |      13 |       0 |   0.0 |       6 |       0 |   0.0
            +---------+---------+-------+---------+---------+-------
